 Dungeon Crawl Stone Soup version 0.26.1-11-gd32895ea62 (webtiles) character file.

Game seed: 17075637626128249514

103 MajorAdolf the Magician (level 4, -1/42 HPs)
             Began as a Naga Wanderer on July 22, 2021.
             Slain by an adder (4 damage)
             ... on level 3 of the Dungeon.
             The game lasted 00:05:52 (2600 turns).

MajorAdolf the Magician (Naga Wanderer)             Turns: 2600, Time: 00:05:53

Health: -1/42      AC:  4    Str: 16    XL:     4   Next: 79%
Magic:  8/10       EV:  8    Int: 20    God:
Gold:   183        SH:  0    Dex:  8    Spells: 7/11 levels left

rFire    . . .     SeeInvis +   g - +3 dagger (pain)
rCold    . . .     Faith    .   (no shield)
rNeg     . . .     Spirit   .   b - +0 ring mail
rPois    +         Reflect  .   (helmet currently unavailable)
rElec    .         Harm     .   (no cloak)
rCorr    .         Rampage  .   (no gloves)
Will     .....                  (no barding)
Stlth    +.........             (no amulet)
HPRegen  0.14/turn              (no ring)
MPRegen  0.12/turn              o - +6 ring of intelligence

@: appendages (expiring), very slightly contaminated, very slow
A: large, horns 2, see invisible, deformed body, poison resistance, slowness 2,
spit poison 1, AC +1
a: Spit Poison, End Transformation


You were on level 3 of the Dungeon.
You had grown temporary horns.
You visited 1 branch of the dungeon, and saw 3 of its levels.

You collected 183 gold pieces.

Inventory:

Hand Weapons
 a - a +0 hand axe
 d - a +0 dagger
 g - a +3 dagger of pain (weapon)
 h - a +0 dagger of draining
 r - a +0 hunting sling
Missiles
 s - 21 stones
Armour
 b - a +0 ring mail (worn)
Jewellery
 c - an uncursed ring of fire
 o - a +6 ring of intelligence (right hand)
Scrolls
 k - a scroll of enchant weapon
 m - a scroll of fog
Potions
 f - 2 potions of cancellation
 l - a potion of attraction
 n - a potion of magic {unknown}
 p - 2 potions of curing {unknown}
 t - a potion of lignification {unknown}


   Skills:
 - Level 3.5 Fighting
 - Level 2.0 Axes
 - Level 1.0 Armour
 - Level 3.0 Stealth
 - Level 4.0 Spellcasting
 + Level 1.5 Transmutations
 * Level 2.2 Poison Magic


You had 7 spell levels left.
You knew the following spells:

 Your Spells              Type           Power        Failure   Level
a - Beastly Appendage     Tmut           20%          13%         1
b - Spider Form           Tmut/Pois      5%           34%         3

Your spell library contained the following spells:

 Spells                   Type           Power        Failure   Level
 Wereblood                Tmut           10%          21%         2
 Ice Form                 Ice/Tmut       7%           87%         4
 Blade Hands              Tmut           5%           98%         5


Dungeon Overview and Level Annotations

Branches:
Dungeon (3/15)

Altars:


Innate Abilities, Weirdness & Mutations

You cannot wear boots.
Your serpentine skin is tough. (AC +1)
You have supernaturally acute eyesight. (SInv)
Armour fits poorly on your strangely shaped body.
Your system is resistant to poisons. (rPois)
You cover ground very slowly.
You can spit poison.
You have a pair of horns on your head.


Message History

The adder closely misses you.
You hit the adder.
The adder is moderately wounded.
The adder closely misses you.
You hit the adder.
The adder is severely wounded.
The adder barely misses you. The adder bites you but does no damage.
Your ring mail prevents you from hitting the adder.
The adder is severely wounded.
The adder bites you.
* * * LOW HITPOINT WARNING * * *
You closely miss the adder.
The adder is severely wounded.
Your transformation is almost over.
The adder bites you but does no damage.
Unknown command.
You hit the adder but do no damage.
The adder is severely wounded.
The adder bites you.
You die...

.... ### ...
...## .... ..
....# #.. ..
..#.## .#...#.
..... .....#.
...#
.......###...#
.......KS@(#
.......l####
..>.!..(#
.......##
.......
..?....
.......
.......
.......


You could see an adder, a leopard gecko and a kobold.

Vanquished Creatures
  Terence (D:3)
  2 adders (D:2)
  2 oozes
  A worm (D:2)
  A dart slug (D:2)
  A leopard gecko (D:2)
  6 giant cockroaches
  6 hobgoblins
  7 kobolds
  A quokka (D:3)
  A ball python (D:2)
  4 bats
  3 frilled lizards
  6 goblins
  4 rats
46 creatures vanquished.

Notes
Turn   | Place    | Note
-------+----------+-------------------------------------------
     0 | D:1      | MajorAdolf the Naga Wanderer began the quest for the Orb.
     0 | D:1      | MajorAdolf set off with the following items: a +0 hand axe,
                  | a +0 ring mail, a +0 dagger; and the following spell
                  | memorised: Beastly Appendage; and the following spells
                  | available to memorise: Wereblood, Spider Form, Ice Form,
                  | Blade Hands
     0 | D:1      | Reached XP level 1. HP: 15/15 MP: 5/5
   188 | D:1      | Reached skill level 1 in Fighting
   322 | D:1      | Reached XP level 2. HP: 25/25 MP: 7/7
   832 | D:2      | Reached XP level 3. HP: 20/33 MP: 8/8
  1802 | D:2      | Reached XP level 4. HP: 39/42 MP: 8/10
  1908 | D:2      | Learned a level 3 spell: Spider Form
  2549 | D:3      | Noticed Terence
  2567 | D:3      | Reached skill level 1 in Poison Magic
  2572 | D:3      | Killed Terence
  2600 | D:3      | Slain by an adder

Illustrated notes

Levels and vault maps discovered:
D:1:      matt_arrival_refuge, layout_loops_ring
D:2:      layout_basic
D:3:      layout_rooms, lemuel_doored_altar, portal_sewer_entry_b, uniq_terence

Skill      XL: |  1  2  3  4 |
---------------+-------------+-----
Fighting       | 1 2 3 |  3.5
Poison Magic   | 2 |  2.2
Axes           | |  2.0
Armour         | |  1.0
Stealth        | |  3.0
Spellcasting   | |  4.0
Transmutations | |  1.5

Action                   |  1- 3 |  4- 6 || total
-------------------------+-------+-------++-------
Melee: Hand axe          |    14 |       ||    14
       Dagger            |    83 |    68 ||   151
       Headbutt          |     9 |     8 ||    17
 Cast: Beastly Appendage |    17 |    11 ||    28
 Abil: Spit Poison       |     1 |     3 ||     4
  Use: Scroll            |       |     7 ||     7
Armor: Ring mail         |    38 |    34 ||    72
Dodge: Dodged            |    41 |    36 ||    77
